 Dungeon Crawl Stone Soup version 0.25-a0-356-g7c9d860b3b (webtiles) character file.

Game seed: 5409219179928275858, levelgen mode: classic

374670 EnegeticOcto the Force of Nature (level 22, -11/205 HPs)
             Began as a Hill Orc Hunter on Jan 3, 2020.
             Was the Champion of Fedhas.
             Killed from afar by an ancient lich (52 damage)
             ... with a lance of force
             ... on level 2 of the Crypt.
             The game lasted 01:52:31 (64675 turns).

EnegeticOcto the Force of Nature (Hill Orc Hunter) Turns: 64675, Time: 01:52:31

Health: -11/205    AC: 36    Str: 30    XL:     22   Next: 74%
Magic:  34/36      EV: 23    Int: 11    God:    Fedhas [******]
Gold:   2499       SH: 27    Dex: 19    Spells: 21/21 levels left

rFire    . . .     SeeInvis .   a - +9 broad axe (chop)
rCold    + . .     Gourm    .   m - +0 large shield
rNeg     + + +     Faith    .   K - +4 chain mail {MR+}
rPois    +         Spirit   .   C - +2 helmet
rElec    +         Reflect  +   L - +4 cloak of Absolutism {-Tele rN+++ rCorr Dex+4}
rCorr    +         Harm     .   U - +0 pair of gloves {Str+3}
MR       ++...     NoTele   +   d - +0 pair of boots "Niajohue" {rElec rPois Str+6 Dex-5}
Stlth    ..........             H - +3 amulet of reflection
HPRegen  0.44/turn              h - +6 ring of protection
MPRegen  0.25/turn              Z - ring of protection from cold

@: agile, lethally poisoned (-11 -> -11), hasted, very quick
A: no striking features
}: 2/15 runes: decaying, gossamer
a: Wall of Briars, Grow Ballistomycete, Overgrow, Grow Oklob, Renounce Religion


You were on level 2 of the Crypt.
You worshipped Fedhas.
Fedhas was exalted by your worship.
You were not hungry.

You visited 9 branches of the dungeon, and saw 41 of its levels.
You also visited: Wizlab.

You collected 5162 gold pieces.
You spent 2663 gold pieces at shops.

Inventory:

Hand Weapons
 a - a +9 broad axe of chopping (weapon)
 s - the +10 short sword "Keas" {elec, rF+ rC+}
   (You found it on level 1 of the Elven Halls)

   Occasionally, upon striking a foe, it will discharge some electrical energy
   and cause terrible harm.
   It protects you from fire.
   It protects you from cold.
Missiles
 u - 40 poisoned darts (quivered)
 I - 2 throwing nets {!f}
Armour
 d - the +0 pair of boots "Niajohue" (worn) {rElec rPois Str+6 Dex-5}
   (You bought it in a shop on level 2 of the Orcish Mines)

   It affects your strength (+6).
   It affects your dexterity (-5).
   It insulates you from electricity.
   It protects you from poison.
 k - a +2 cloak of invisibility
 m - a +0 large shield (worn)
 C - a +2 helmet (worn)
 K - a +4 chain mail of magic resistance (worn)
 L - the +4 cloak of Absolutism (worn) {-Tele rN+++ rCorr Dex+4}
   (You found it in a wizard's laboratory)

   It affects your dexterity (+4).
   It renders you almost immune to negative energy.
   It prevents most forms of teleportation.
   It provides partial protection from all sources of acid and corrosion.
 U - a +0 pair of gloves of strength (worn)
Jewellery
 h - a +6 ring of protection (left hand)
 H - a +3 amulet of reflection (around neck)
 Z - a ring of protection from cold (right hand)
Wands
 i - a wand of disintegration (19)
 B - a wand of scattershot (4)
 D - a wand of acid (26)
 F - a wand of polymorph (35)
 J - a wand of paralysis (11)
 O - a wand of digging (12)
 X - a wand of iceblast (16)
 Y - a wand of enslavement (15)
Scrolls
 b - 6 scrolls of enchant armour
 l - 17 scrolls of teleportation {@r3 !r}
 n - 5 scrolls of blinking {@r4}
 p - 20 scrolls of remove curse {@r2}
 r - a scroll of summoning
 y - 15 scrolls of fog {!r}
 E - 2 scrolls of vulnerability
 N - 12 scrolls of magic mapping {@r5 !r}
 Q - 6 scrolls of fear {!r}
 W - 4 scrolls of immolation
Potions
 c - 5 potions of mutation
 f - 4 potions of magic
 j - 7 potions of haste {@q4 !q}
 o - 4 potions of might {@q3 !q}
 q - 9 potions of curing {@q1 !q}
 t - 2 potions of invisibility
 v - 6 potions of resistance
 w - 3 potions of agility {@q5 !q}
 x - a potion of berserk rage
 z - 2 potions of flight
 A - 4 potions of cancellation
 G - 2 potions of lignification {@q6}
 M - 3 potions of ambrosia
 P - a potion of heal wounds {@q2 !q}
Miscellaneous
 R - a lamp of fire (inert)
 V - 4 sacks of spiders
Comestibles
 e - 57 rations
 g - 2 chunks of flesh


   Skills:
 + Level 19.1 Fighting
 - Level 18.0 Axes
   Level 3.6 Slings
 + Level 15.3 Armour
 + Level 13.5 Dodging
 - Level 0.7 Stealth
 + Level 18.5 Shields
 + Level 21.7 Invocations
 - Level 8.0 Evocations


You had 21 spell levels left.
You didn't know any spells.
Your spell library contained the following spells:

 Spells                   Type           Power        Failure   Level  Hunger
 Beastly Appendage        Tmut           #.....       95%         1    ##.....
 Corona                   Hex            #......      95%         1    ##.....
 Foxfire                  Conj/Fire      #...         95%         1    ##.....
 Freeze                   Ice            #...         95%         1    ##.....
 Magic Dart               Conj           #...         95%         1    ##.....
 Shock                    Conj/Air       #...         95%         1    ##.....
 Sting                    Tmut/Pois      #...         95%         1    ##.....
 Summon Butterflies       Summ           #.......     95%         1    ##.....
 Summon Small Mammal      Summ           #...         95%         1    ##.....
 Call Imp                 Summ           #.......     98%         2    ###....
 Corpse Rot               Necr/Air       N/A          98%         2    ###....
 Ensorcelled Hibernation  Hex/Ice        #.....       98%         2    ###....
 Poisonous Vapours        Pois/Air       #.....       98%         2    ###....
 Searing Ray              Conj           #.....       98%         2    ###....
 Shroud of Golubria       Chrm/Tloc      #.....       98%         2    ###....
 Sticks to Snakes         Tmut           #.......     98%         2    ###....
 Sublimation of Blood     Necr           #.........   98%         2    ###....
 Swiftness                Chrm/Air       #.......     98%         2    ###....
 Call Canine Familiar     Summ           #.......     100%        3    ####...
 Confuse                  Hex            #.......     100%        3    ####...
 Conjure Flame            Conj/Fire      #.......     100%        3    ####...
 Dazzling Flash           Conj/Hex       #.....       100%        3    ####...
 Ignite Poison            Fire/Tmut/Pois #.......     100%        3    ####...
 Inner Flame              Hex/Fire       #.......     100%        3    ####...
 Mephitic Cloud           Conj/Pois/Air  #.......     100%        3    ####...
 Ozocubu's Armour         Chrm/Ice       #.......     100%        3    ####...
 Portal Projectile        Hex/Tloc       #.....       100%        3    ####...
 Recall                   Summ/Tloc      N/A          100%        3    ####...
 Spider Form              Tmut/Pois      #.........   100%        3    ####...
 Static Discharge         Conj/Air       #.......     100%        3    ####...
 Stone Arrow              Conj/Erth      #.....       100%        3    ####...
 Summon Guardian Golem    Hex/Summ       #.......     100%        3    ####...
 Tukima's Dance           Hex            #.......     100%        3    ####...
 Airstrike                Air            #.........   100%        4    #####..
 Fulminant Prism          Conj/Hex       #.........   100%        4    #####..
 Hailstorm                Conj/Ice       #.......     100%        4    #####..
 Ice Form                 Ice/Tmut       #.......     100%        4    #####..
 Iskenderun's Mystic Bla  Conj/Tloc      #.......     100%        4    #####..
 Leda's Liquefaction      Hex/Erth       #.........   100%        4    #####..
 Olgreb's Toxic Radiance  Pois           #.......     100%        4    #####..
 Passage of Golubria      Tloc           N/A          100%        4    #####..
 Petrify                  Tmut/Erth      #.......     100%        4    #####..
 Sticky Flame             Conj/Fire      #.......     100%        4    #####..
 Summon Ice Beast         Ice/Summ       #.......     100%        4    #####..
 Summon Lightning Spire   Summ/Air       #.......     100%        4    #####..
 Alistair's Intoxication  Tmut/Pois      #.......     100%        5    ######.
 Blade Hands              Tmut           #.........   100%        5    ######.
 Bolt of Magma            Conj/Fire/Erth #.........   100%        5    ######.
 Fireball                 Conj/Fire      #.........   100%        5    ######.
 Irradiate                Conj/Tmut      #.........   100%        5    ######.
 Lightning Bolt           Conj/Air       #.........   100%        5    ######.
 Summon Demon             Summ           #.........   100%        5    ######.
 Summon Forest            Summ/Tloc      #.........   100%        5    ######.
 Summon Mana Viper        Hex/Summ       #.......     100%        5    ######.
 Eringya's Noxious Bog    Tmut/Pois      #.........   100%        6    #######
 Freezing Cloud           Conj/Ice/Air   #.........   100%        6    #######
 Hydra Form               Tmut           #.........   100%        6    #######
 Invisibility             Hex            #.......     100%        6    #######
 Iron Shot                Conj/Erth      #.........   100%        6    #######
 Shadow Creatures         Summ           N/A          100%        6    #######
 Starburst                Conj/Fire      #.........   100%        6    #######
 Statue Form              Tmut/Erth      #........    100%        6    #######
 Ring of Flames           Chrm/Fire      #.........   100%        7    #######
 Summon Hydra             Summ           #.........   100%        7    #######
 Controlled Blink         Tloc           N/A          100%        8    #######
 Ignition                 Fire           #.........   100%        8    #######
 Shatter                  Erth           #.........   100%        9    #######


Dungeon Overview and Level Annotations

Branches:
Dungeon (15/15)            Temple (0/1) D:6            Lair (6/6) D:11
  Swamp (4/4) Lair:4       Spider (4/4) Lair:2        Slime (0/5) Lair:5
    Orc (2/2) D:9             Elf (3/3) Orc:2        Vaults (4/5) D:14
  Crypt (2/3) Vaults:2     Depths (1/5) D:15         WizLab (visited)

Altars:
Ashenzari
Cheibriados
Fedhas
Gozag
Hepliaklqana
Kikubaaqudgha
Nemelex Xobeh
Qazlal
Ru
Trog
Uskayaw
Wu Jian
Xom
Yredelemnul

Shops:
D:4 ?   D:7 }   D:13 !   D:15 *   Orc:2 ?[%:   Elf:1 [   Elf:3 [   Vaults:1 [
Vaults:2 ?

Portals:
Pandemonium: Orc:2
Trove: D:10 (give 5 potions of resistance)

Annotations:
D:9 2 transporters, Conn's ghost, journeyman OpFE
Elf:2 3 runed translucent doors
Vaults:1 3 runed translucent doors, Morrissey's ghost, adept MiBe


Message History

Fedhas accepts your kill.
You hit the bog body. You hit something but do no damage. You slice something!!
You slash the ghoul! The ghoul claws you!
* * * LOW HITPOINT WARNING * * *
You block the ghoul's attack.
Your oklob plant spits acid at the bog body.
The splash of acid hits the bog body!
The bog body is splashed with acid.
The acid corrodes the bog body!
Really quaff
P - 3 potions of heal wounds {@q2 !q}?
You feel much better.
You feel sick. Something hits you but does no damage. Something bites you.
* * * LOW HITPOINT WARNING * * *
The bog body points at you and mumbles some strange words.
The bolt of cold misses you.
The bolt of cold hits your oklob plant!!
The phantasmal warrior blinks!
You hear some strange, mumbled words.
Something tries to affect you, but you resist.
You block the ghoul's attack. x2
Your oklob plant spits acid at the bog body.
The splash of acid hits the bog body!
The bog body is splashed with acid!
The bog body seems to be corroded for longer.
A phantasmal warrior comes into view.
You slice the ghoul!!
The ghoul is almost destroyed.
You completely miss something. You hit something but do no damage.
You catch the helpless bog body completely off-guard!
You slice the bog body!!
You destroy the bog body!
Fedhas accepts your kill. You block something's attack.
You block the ghoul's attack. The ghoul claws you!
* * * LOW HITPOINT WARNING * * *
Your oklob plant spits acid at the ghoul.
The splash of acid hits the ghoul!
The ghoul is splashed with acid!
The ghoul seems to be corroded for longer.
The ghoul is destroyed!
Fedhas accepts your kill. Something hits you but does no damage.
Something bites you but does no damage.
You miss something. You slash something!
The phantasmal warrior blinks!
Something touches you.
* * * LOW HITPOINT WARNING * * *
The phantasmal warrior blinks!
Evoke which item? (* to show all) (? for menu, Esc to quit)
Aim the lamp in which direction?
Press: ? - help, Dir - move target cursor The flames dance!
The trail of fire hits something!
The trail of fire hits the phantasmal warrior!
The phantasmal warrior is moderately damaged.
You hear some strange, mumbled words.
Something tries to affect you, but you resist.
The phantasmal warrior is engulfed in blazing flames.
You hear some strange, mumbled words.
Something tries to affect you, but you resist.
Your oklob plant spits acid at the phantasmal warrior.
The splash of acid hits something!
The acid corrodes something!
Fedhas accepts your kill.
Reactivating autopickup.
You feel a bit more experienced.
Really quaff
j - 8 potions of haste {@q4 !q}?
You feel yourself speed up.
You feel sick.
The phantasmal warrior is engulfed in blazing flames.
Something touches you but does no damage.
Deactivating autopickup; reactivate with Ctrl-A.
Your oklob plant spits acid at the phantasmal warrior.
The splash of acid hits the phantasmal warrior!
The phantasmal warrior is splashed with acid.
The acid corrodes the phantasmal warrior!
The phantasmal warrior is destroyed!
Fedhas accepts your kill.
You slash something! You slice the phantasmal warrior!!
You slice the phantasmal warrior!!
You destroy the phantasmal warrior!
Fedhas accepts your kill.
Your shield and chain mail prevent you from hitting something.
Something touches you.
* * * LOW HITPOINT WARNING * * *
You slash something! You completely miss something. Something touches you!
* * * LOW HITPOINT WARNING * * *
Really quaff
P - 2 potions of heal wounds {@q2 !q}?
You feel much better.
You feel sick.
You hear some strange, mumbled words.
Something tries to affect you, but you resist.
You slice something!! You hit something but do no damage.
You hear some strange, mumbled words.
You miss something.
You are struck by the Hell Sentinel's spines.
* * * LOW HITPOINT WARNING * * *
You slash the Hell Sentinel! You slash something!
You hit the Hell Sentinel but do no damage.
The Hell Sentinel completely misses you.
You block the Hell Sentinel's attack.
You hear some strange, mumbled words.
A lance of force appears from out of thin air!
The lance of force hits you!!!
You die...
Fedhas appreciates your contribution to the ecosystem.

#. #.##. .○§§. §...☼.
.....☼ ......#
####..☼#######
${{#..{@1^...#
/{{#..).'....# ####
|{{#....##...# #..#
####....##...######..#
........##...........#
........##...........#
#.......##..#######<.#
#.......##..# #..#
#........#..#######..#


You could see a Hell Sentinel and a friendly oklob plant.

Vanquished Creatures
  Nikola (Elf:2)
  A lich (Vaults:2)
  2 deep elf blademasters (Elf:3)
  An ancient champion (Crypt:2)
  Frances (Spider:1)
  A tentacled starspawn (WizLab)
  A sphinx (Vaults:4)
  The ghost of Syonn the Fighter, an adept HuHu of the Shining One (Swamp:3)
  An eldritch tentacle (WizLab)
  2 tengu reavers (Crypt:1)
  2 frost giants
  Louise (Spider:4)
  4 ghost moths
  4 vault wardens
  6 emperor scorpions
  11 ironheart preservers
  3 very ugly things
  2 deep elf elementalists (Elf:3)
  4 ghouls
  A vampire knight (Crypt:1)
  2 stone giants (Vaults:2)
  A reaper (WizLab)
  5 entropy weavers
  7 deep elf annihilators (Elf:3)
  4 deep elf demonologists (Elf:3)
  2 spark wasps (Spider:4)
  A dire elephant (Lair:6)
  The ghost of waddelsworth the Carver, a journeyman MiBe of Trog (Lair:1)
  A minotaur (Lair:1)
  2 eidola
  9 deep elf death magi
  Snorg (D:12)
  A great orb of eyes (Vaults:4)
  Harold (D:9)
  A quicksilver dragon zombie (Crypt:1)
  2 deep elf high priests
  6 fire dragons
  8 vault guards
  2 rakshasas
  2 ice dragons
  8 yaktaur captains
  14 hydras
  4 ghost crabs
  A quicksilver dragon skeleton (Crypt:2)
  A merfolk avatar (Lair:6)
  4 centaur warriors
  10 ogre magi
  4 death knights
  A tengu warrior (D:15)
  2 deep troll shamans (Vaults:1)
  7 orc high priests
  A deep troll earth mage (Vaults:1)
  14 dancing weapons
  16 alligators
  32 two-headed ogres
  2 thrashing horrors (WizLab)
  A vampire mage (Crypt:2)
  Nergalle (Lair:4)
  25 deep elf knights
  2 spriggans
  A hell knight (WizLab)
  A shadow wraith (Vaults:4)
  A sixfirhy (Orc:2)
  6 skeletal warriors
  2 sea snakes (Lair:6)
  An infernal demonspawn (Orc:2)
  3 deep trolls (Vaults:1)
  2 unseen horrors
  An unseen horror (shapeshifter) (Vaults:2)
  A spriggan druid (Swamp:3)
  2 glowing orange brains
  An obsidian statue (WizLab)
  25 deep elf archers
  An anaconda skeleton (WizLab)
  2 large abominations
  9 swamp dragons
  3 harpies (Vaults:4)
  5 wizards
  A lindwurm (Spider:4)
  3 necromancers
  8 ironbrand convokers
  13 orc knights
  4 phantasmal warriors
  28 wolf spiders
  18 orb spiders
  6 orc sorcerers
  30 ugly things
  A stone giant zombie (Crypt:2)
  A salamander (shapeshifter) (Vaults:3)
  4 cyclopes
  2 human zombies (Vaults:4)
  5 manticores
  A guardian serpent (shapeshifter) (Vaults:2)
  55 deep elf magi
  2 guardian serpents
  11 vault sentinels
  Joseph (D:10)
  23 elephants
  2 moths of wrath
  4 black mambas
  Psyche (D:8)
  A torpor snail (Spider:2)
  An orange demon (WizLab)
  3 naga magi (D:15)
  A demonspawn skeleton (WizLab)
  4 kobold demonologists
  18 spiny frogs
  3 centaur skeletons
  2 gargoyles (D:13)
  A dire elephant skeleton (Crypt:1)
  15 rime drakes
  20 yaktaurs
  7 freezing wraiths
  14 demonic crawlers
  2 guardian mummies
  10 komodo dragons
  A hellwing (WizLab)
  2 red devils (Orc:2)
  3 ice devils
  7 trolls
  A harpy zombie (Crypt:1)
  A polar bear (Lair:6)
  A troll (shapeshifter) (Vaults:4)
  36 jumping spiders
  2 wind drakes
  A tengu simulacrum (Vaults:4)
  13 blink frogs
  18 hornets
  A wind drake (shapeshifter) (Vaults:3)
  23 slime creatures
  12 tyrant leeches
  14 bog bodies
  12 hippogriffs
  A human simulacrum (Vaults:4)
  A hippogriff (shapeshifter) (Vaults:4)
  A meliai zombie (D:13)
  3 flying skulls (Crypt:1)
  A satyr skeleton (Crypt:1)
  3 air elementals
  9 shadows
  An ettin skeleton (Vaults:4)
  63 redbacks
  A tarantella (shapeshifter) (Vaults:4)
  6 water elementals
  22 tarantellas
  4 wraiths
  4 hogs (D:10)
  4 fire elementals
  3 basilisks
  7 wyverns
  31 yaks
  A neqoxec (Orc:2)
  10 humans
  11 steam dragons (Lair:4)
  19 vampire mosquitoes
  2 hungry ghosts
  Edmund (D:4)
  8 swamp worms
  6 spatial vortices (WizLab)
  A chaos spawn (Orc:2)
  2 acid dragons
  A naga (shapeshifter) (Vaults:1)
  3 wargs
  24 insubstantial wisps
  A soldier ant (D:12)
  A spiny frog skeleton (Crypt:1)
  15 swamp drakes
  13 water moccasins
  A floating eye (shapeshifter) (Vaults:1)
  3 porcupines
  6 black bears
  42 orc warriors
  4 sky beasts
  2 black bears (shapeshifter)
  A hornet zombie (D:11)
  6 ice beasts
  2 ice dragon simulacra
  3 phantoms
  5 wolves (Lair:4)
  A boggart (WizLab)
  An eye of draining (shapeshifter) (Elf:1)
  4 necrophages
  41 ogres
  6 centaurs
  16 crocodiles
  2 big kobolds
  18 bullfrogs
  3 earth elementals
  A wyvern zombie (Crypt:1)
  An ogre simulacrum (Vaults:1)
  3 wyvern skeletons
  6 scorpions
  A yak skeleton (Crypt:1)
  2 killer bees (D:7)
  A warg skeleton (Crypt:1)
  25 wights
  6 howler monkeys
  10 electric eels
  5 crimson imps
  2 quasits
  A bullfrog zombie (D:11)
  6 hounds
  4 centaur zombies
  4 jellies
  36 orc priests
  3 bullfrog skeletons
  Crazy Yiuf (D:5)
  8 iguanas
  30 orc wizards
  11 worker ants
  3 small abominations
  5 hound zombies
  2 hound skeletons
  A worker ant zombie (D:7)
  Robin (D:1)
  3 gnolls (D:7)
  8 adders
  4 shadow imps
  4 oozes
  4 worms
  An adder skeleton (D:4)
  A lava snake skeleton (Crypt:1)
  2 dart slugs
  10 leopard geckos
  102 orcs
  7 giant cockroaches
  18 goblins
  12 hobgoblins
  11 jackals
  20 kobolds
  3 quokkas
  A ball python (D:3)
  5 bats
  7 frilled lizards
  A frilled lizard skeleton (Crypt:2)
  A jackal zombie (D:6)
  2 leopard gecko skeletons
  A quokka skeleton (Crypt:1)
  A quokka zombie (D:8)
  4 rats
  3 crawling corpses
  A starspawn tentacle (WizLab)
1667 creatures vanquished.

Vanquished Creatures (collateral kills)
  Sojobo (Crypt:1)
  Bai Suzhen (Spider:4)
  the Lernaean hydra (Swamp:4)
  Rupert (D:13)
  A deep elf blademaster (Elf:1)
  Donald (Orc:2)
  A revenant (Vaults:1)
  A deep elf sorcerer (Elf:3)
  A ghoul (Crypt:2)
  A deep elf demonologist (Vaults:4)
  A vampire knight (Crypt:2)
  2 deep elf annihilators (Elf:3)
  A deep elf death mage (Elf:3)
  A deep elf high priest (Elf:3)
  4 hydras (Swamp:4)
  A tengu warrior (D:13)
  A two-headed ogre (D:9)
  A dancing weapon (Elf:3)
  3 deep elf knights
  5 swamp dragons (Swamp:4)
  An infernal demonspawn (Orc:2)
  4 deep elf archers
  A torturous demonspawn (Orc:2)
  2 orc knights (Orc:2)
  A phantasmal warrior (Crypt:2)
  4 deep elf magi
  An orb spider (Spider:4)
  2 orc sorcerers (Orc:2)
  2 wolf spiders
  A small abomination (Elf:3)
  A komodo dragon (Lair:1)
  4 jumping spiders (Spider:4)
  3 blink frogs (Lair:1)
  A hippogriff (D:14)
  2 tarantellas (Spider:4)
  A centaur simulacrum (D:14)
  A redback (Spider:4)
  A water elemental (Elf:1)
  A fire elemental (Elf:2)
  A swamp worm (Swamp:4)
  A water moccasin (Lair:6)
  2 orc warriors
  2 swamp drakes (Swamp:4)
  An ogre (Vaults:1)
  A killer bee (D:7)
  A centaur skeleton (D:9)
  An iguana (D:9)
  An orc wizard (D:7)
  2 orcs (D:9)
  13 ballistomycete spores
  5 crawling corpses (Elf:3)
95 creatures vanquished.

Vanquished Creatures (others)
  2 deep elf master archers (Elf:3)
  A ghost moth (Spider:3)
  A stone giant (Vaults:2)
  A hydra (Swamp:4)
  A vault guard (D:14)
  A shambling mangrove (Swamp:3)
  2 centaur warriors
  An ogre mage (Vaults:1)
  3 deep elf knights
  2 spriggans (Swamp:3)
  3 deep elf archers
  A cyclops (Vaults:2)
  A spiny frog (Swamp:3)
  A yaktaur (Vaults:1)
  A sea snake zombie (Crypt:2)
  A jumping spider (Spider:2)
  4 hornets
  2 bog bodies
  A tyrant leech (Swamp:3)
  A slime creature (Swamp:4)
  4 dream sheep (Lair:6)
  A shadow (Swamp:2)
  A vampire mosquito (Swamp:3)
  2 insubstantial wisps (Swamp:2)
  A swamp worm (Swamp:3)
  2 swamp drakes
  An orc warrior (Vaults:2)
  An ogre (Vaults:2)
  An orc priest (Vaults:2)
  4 orcs
  2 ballistomycete spores
  A bush (Lair:6)
  2 crawling corpses (Elf:3)
  49 fungi
  A lurking horror (WizLab)
  61 plants
  4 starspawn tentacles (WizLab)
  31 withered plants (Swamp:3)
200 creatures vanquished.

Grand Total: 1962 creatures vanquished

Notes
Turn   | Place    | Note
-------+----------+-------------------------------------------
     0 | D:1      | EnegeticOcto the Hill Orc Hunter began the quest for the
                  | Orb.
     0 | D:1      | Reached XP level 1. HP: 18/18 MP: 1/1
   191 | D:1      | Reached XP level 2. HP: 25/26 MP: 2/2
   865 | D:1      | Reached XP level 3. HP: 33/33 MP: 3/3
  1228 | D:2      | Found a shattered altar of Ashenzari.
  1230 | D:2      | Noticed Robin
  1379 | D:1      | Reached skill level 1 in Axes
  1854 | D:1      | Killed Robin
  2058 | D:2      | Reached XP level 4. HP: 41/41 MP: 4/4
  3037 | D:2      | Reached skill level 5 in Fighting
  3280 | D:3      | Found a basalt altar of Yredelemnul.
  3423 | D:3      | Reached XP level 5. HP: 48/48 MP: 5/5
  3455 | D:3      | Found a blossoming altar of Fedhas.
  3468 | D:3      | Became a worshipper of Fedhas Madash
  3687 | D:3      | Found a hide-covered altar of Uskayaw.
  3764 | D:4      | Found a sparkling altar of Nemelex Xobeh.
  3767 | D:4      | Found an ornate altar of the Wu Jian Council.
  3773 | D:4      | Found a snail-covered altar of Cheibriados.
  3870 | D:3      | Reached skill level 1 in Armour
  4269 | D:4      | Reached skill level 5 in Axes
  4269 | D:4      | Reached XP level 6. HP: 29/56 MP: 6/6
  4487 | D:4      | Found a hazy altar of Hepliaklqana.
  4539 | D:4      | Found an opulent altar of Gozag.
  4562 | D:4      | Found Bylazxy's Magic Scroll Boutique.
  4579 | D:4      | Bought a scroll of blinking for 90 gold pieces
  4910 | D:4      | Noticed a phantom
  4938 | D:4      | Killed a phantom
  4938 | D:4      | Reached XP level 7. HP: 45/61 MP: 2/7
  5090 | D:4      | Bought a scroll of teleportation for 36 gold pieces
  5372 | D:5      | Entered Level 5 of the Dungeon
  5394 | D:5      | Reached * piety under Fedhas
  5605 | D:4      | Reached skill level 1 in Invocations
  5784 | D:5      | Found a sacrificial altar of Ru.
  5804 | D:5      | Reached skill level 2 in Invocations
  5938 | D:5      | Reached XP level 8. HP: 56/68 MP: 3/9
  6149 | D:5      | Noticed Edmund
  6230 | D:4      | Killed Edmund
  6230 | D:4      | Reached skill level 3 in Invocations
  6328 | D:5      | Found a runed translucent door.
  6329 | D:5      | Noticed Crazy Yiuf
  6509 | D:5      | Reached skill level 5 in Armour
  6509 | D:5      | Reached skill level 4 in Invocations
  6866 | D:4      | Bought a scroll of identify for 24 gold pieces
  6974 | D:6      | Reached skill level 10 in Axes
  7005 | D:6      | Reached ** piety under Fedhas
  7156 | D:6      | Found a staircase to the Ecumenical Temple.
  7395 | D:6      | Reached skill level 5 in Invocations
  7412 | D:6      | Reached XP level 9. HP: 39/74 MP: 4/12
  8149 | D:7      | Reached skill level 6 in Invocations
  8468 | D:7      | Found Wumam's Gadget Shoppe.
  8477 | D:7      | Bought a wand of paralysis (4) for 78 gold pieces
  8619 | D:7      | Reached skill level 7 in Invocations
  9362 | D:7      | Reached skill level 8 in Invocations
  9381 | D:7      | Reached *** piety under Fedhas
  9455 | D:7      | Reached XP level 10. HP: 81/81 MP: 16/16
  9715 | D:7      | Found a bloodstained altar of Trog.
 10844 | D:8      | Noticed Psyche
 10855 | D:8      | Killed Psyche
 11243 | D:5      | Killed Crazy Yiuf
 11418 | D:9      | Noticed a centaur warrior
 11468 | D:9      | Noticed Conn's ghost (journeyman OpFE)
 11468 | D:9      | Noticed a wolf spider
 11472 | D:9      | Found a transporter.
 11784 | D:9      | Reached **** piety under Fedhas
 11843 | D:9      | Found a staircase to the Orcish Mines.
 12066 | D:9      | Noticed Harold
 12095 | D:9      | Noticed a two-headed ogre
 12099 | D:9      | Killed Harold
 12190 | D:9      | Killed a two-headed ogre
 12190 | D:9      | Reached XP level 11. HP: 61/92 MP: 13/17
 12563 | D:9      | Found a transporter.
 12632 | D:9      | Found a stormy altar of Qazlal.
 12633 | D:9      | Found an ancient bone altar of Kikubaaqudgha.
 12766 | D:10     | Entered Level 10 of the Dungeon
 12785 | D:10     | Found a portal to a secret trove of treasure.
 13313 | D:10     | Noticed Joseph
 13374 | D:10     | Killed Joseph
 14190 | D:11     | Reached skill level 10 in Fighting
 14190 | D:11     | Reached skill level 15 in Axes
 14695 | D:11     | Noticed a fire dragon
 14830 | D:7      | Bought a wand of acid (7) for 286 gold pieces
 14830 | D:7      | Bought a wand of polymorph (7) for 117 gold pieces
 15000 | D:11     | Found a staircase to the Lair.
 15218 | D:11     | Reached XP level 12. HP: 93/106 MP: 18/18
 15283 | Lair:1   | Entered Level 1 of the Lair of Beasts
 15324 | Lair:1   | Reached skill level 1 in Evocations
 15913 | Lair:1   | Noticed a minotaur
 15913 | Lair:1   | Noticed waddelsworth's ghost (journeyman MiBe)
 15923 | Lair:1   | Found a runed translucent gate.
 15923 | Lair:1   | Found a runed translucent gate.
 15923 | Lair:1   | Found a runed translucent gate.
 16422 | Lair:2   | Reached skill level 5 in Dodging
 16605 | Lair:2   | Found a hole to the Spider Nest.
 16952 | Lair:2   | Reached skill level 9 in Invocations
 17491 | Lair:3   | Noticed a four-headed hydra
 17507 | Lair:3   | Killed a four-headed hydra
 17906 | Lair:3   | Noticed a six-headed hydra
 17924 | Lair:3   | Killed a six-headed hydra
 18467 | Lair:3   | Identified the Guide on Conjuration and Summoning
 18740 | Lair:4   | Found a staircase to the Swamp.
 18806 | Lair:4   | Noticed an eight-headed hydra
 18811 | Lair:4   | Reached XP level 13. HP: 111/117 MP: 20/20
 19236 | Lair:4   | Reached skill level 10 in Invocations
 20173 | Lair:4   | Reached skill level 10 in Armour
 20541 | Lair:4   | Reached skill level 11 in Invocations
 20918 | Lair:4   | Noticed a fire dragon
 20929 | Lair:4   | Killed a fire dragon
 20929 | Lair:4   | Reached ***** piety under Fedhas
 21097 | Lair:4   | Noticed Nergalle
 21116 | Lair:4   | Killed Nergalle
 21960 | Lair:5   | Reached skill level 12 in Invocations
 22205 | Lair:5   | Reached XP level 14. HP: 114/129 MP: 23/23
 22425 | Lair:5   | Found a staircase to the Slime Pits.
 22479 | Lair:6   | Entered Level 6 of the Lair of Beasts
 22827 | Lair:6   | Noticed a dire elephant
 22850 | Lair:6   | Killed a dire elephant
 23640 | Lair:6   | Reached skill level 13 in Invocations
 23857 | Lair:6   | Got a fine long sword
 24101 | Lair:6   | Reached skill level 1 in Shields
 24374 | Lair:6   | Found a shimmering altar of Xom.
 25286 | D:12     | Noticed Snorg
 25304 | D:12     | Killed Snorg
 25626 | D:12     | Identified the +7 long sword of Outrage {drain, rC+} (You
                  | found it on level 6 of the Lair of Beasts)
 26575 | D:13     | Identified the +0 leather armour of the Seven Yaks {rPois
                  | Str-4 Dex+7 SInv}
 27495 | D:13     | Found Hioho's Distillery.
 27506 | D:13     | Noticed Rupert
 27517 | D:13     | Paralysed by Rupert for 5 turns
 27519 | D:13     | Reached skill level 14 in Invocations
 27521 | D:13     | Killed Rupert
 27521 | D:13     | Reached XP level 15. HP: 83/135 MP: 17/25
 28346 | D:13     | Reached skill level 10 in Dodging
 29317 | D:14     | Found a gate to the Vaults.
 29350 | D:14     | Reached skill level 5 in Evocations
 29832 | D:14     | Reached ****** piety under Fedhas
 29930 | D:14     | Reached skill level 5 in Shields
 30735 | Orc:1    | Entered Level 1 of the Orcish Mines
 30941 | Orc:1    | You fall into a shaft and drop 1 floor!
 30941 | Orc:2    | Entered Level 2 of the Orcish Mines
 32456 | Orc:2    | Found Cioc Feu's Magic Scroll Boutique.
 32459 | Orc:2    | Found Ushroceu's Food Shop.
 33303 | Orc:2    | Bought a scroll of acquirement for 728 gold pieces
 33584 | Orc:2    | Noticed Donald
 33600 | Orc:2    | Killed Donald
 34359 | Orc:2    | Reached skill level 15 in Invocations
 34368 | Orc:2    | Reached XP level 16. HP: 145/145 MP: 22/27
 34576 | Orc:2    | Found a staircase to the Elven Halls.
 35008 | Orc:2    | Found Dasol's Book Shoppe.
 35008 | Orc:2    | Found Gemuan's Antique Armour Emporium.
 35008 | Orc:2    | Found a one-way gate leading to the halls of Pandemonium.
 35012 | Orc:2    | Bought a pair of spiked boots for 285 gold pieces
 35026 | Orc:2    | Identified the cursed +0 pair of boots "Niajohue" {rElec
                  | rPois Str+6 Dex-5} (You bought it in a shop on level 2 of
                  | the Orcish Mines)
 35028 | Orc:2    | Bought a distressingly furry chain mail for 285 gold pieces
 35038 | Orc:2    | Identified the cursed +0 chain mail "Natrapt" {MR+ Str+2
                  | Int+4 Stlth-} (You bought it in a shop on level 2 of the
                  | Orcish Mines)
 35351 | D:15     | Entered Level 15 of the Dungeon
 35522 | D:15     | Found Gevaduh's General Store.
 35689 | D:15     | Found a staircase to the Depths.
 36451 | Spider:1 | Entered Level 1 of the Spider Nest
 37130 | Spider:1 | Noticed Frances
 37151 | Spider:1 | Killed Frances
 38132 | Spider:1 | Reached skill level 10 in Shields
 38746 | Spider:2 | Reached skill level 16 in Invocations
 39135 | Spider:2 | Reached skill level 15 in Fighting
 39135 | Spider:2 | Reached XP level 17. HP: 113/156 MP: 29/29
 40742 | Spider:3 | Identified the cursed +0 longbow of Dissent {freeze, rF+
                  | Int+8} (You found it on level 3 of the Spider Nest)
 40749 | Spider:4 | Entered Level 4 of the Spider Nest
 41188 | Spider:4 | Reached skill level 17 in Invocations
 41199 | Spider:4 | Noticed Bai Suzhen
 41213 | Spider:4 | Killed Bai Suzhen
 41536 | Spider:4 | Noticed Louise
 41562 | Spider:4 | Killed Louise
 42402 | Spider:4 | Reached XP level 18. HP: 161/163 MP: 27/30
 42428 | Spider:4 | Got a gossamer rune of Zot
 42687 | Swamp:1  | Entered Level 1 of the Swamp
 43009 | Swamp:1  | Reached skill level 18 in Invocations
 43153 | Swamp:1  | You fall into a shaft and drop 1 floor!
 43303 | Swamp:1  | Reached skill level 15 in Shields
 45504 | Swamp:3  | Found a transporter.
 45507 | Swamp:3  | Noticed Syonn's ghost (adept HuHu)
 45871 | Swamp:3  | Found a transporter.
 46052 | Swamp:3  | Killed Syonn's ghost
 46064 | Swamp:3  | Got a faintly humming hat
 46065 | Swamp:3  | Identified the +0 hat of Spring {+Inv rN+} (You found it on
                  | level 3 of the Swamp)
 46117 | Swamp:4  | Entered Level 4 of the Swamp
 47296 | Swamp:4  | Noticed the 27-headed Lernaean hydra
 47305 | Swamp:4  | Killed the 27-headed Lernaean hydra
 47337 | Swamp:4  | Reached XP level 19. HP: 103/172 MP: 27/32
 47842 | Swamp:4  | Got a decaying rune of Zot
 48289 | Elf:1    | Entered Level 1 of the Elven Halls
 48788 | Elf:1    | Found Vuowius's Antique Armour Emporium.
 49071 | Elf:1    | Bought a glowing scarf for 296 gold pieces
 49122 | Elf:1    | Identified the Grimoire of Companions
 49286 | Elf:1    | Reached skill level 19 in Invocations
 50014 | Elf:1    | Identified Zob Ymoh's Almanac of Transmigration and
                  | Bewitchment
 50244 | Elf:1    | Identified the +10 short sword "Keas" {elec, rF+ rC+} (You
                  | found it on level 1 of the Elven Halls)
 50993 | Elf:2    | Found a runed translucent gate.
 51081 | Elf:2    | Noticed Nikola
 51107 | Elf:2    | Killed Nikola
 51330 | Elf:2    | Found a runed translucent gate.
 51338 | Elf:2    | Found a runed translucent gate.
 51690 | D:13     | Bought a potion of curing for 42 gold pieces
 51690 | D:13     | Bought a potion of might for 56 gold pieces
 51690 | D:13     | Bought a potion of invisibility for 112 gold pieces
 51690 | D:13     | Bought a potion of agility for 56 gold pieces
 51744 | Vaults:1 | Entered Level 1 of the Vaults
 51850 | Vaults:1 | Reached XP level 20. HP: 138/182 MP: 33/33
 53243 | Vaults:1 | Reached skill level 20 in Invocations
 53263 | Vaults:1 | Found Wagh's Armour Boutique.
 53659 | Vaults:1 | Found a runed translucent gate.
 53659 | Vaults:1 | Found a runed translucent gate.
 53659 | Vaults:1 | Found a runed translucent gate.
 53660 | Vaults:1 | Noticed Morrissey's ghost (adept MiBe)
 55436 | Vaults:2 | Noticed a lich
 55454 | Vaults:2 | Killed a lich
 55454 | Vaults:2 | Reached XP level 21. HP: 175/192 MP: 35/35
 55551 | Vaults:2 | Got a crude helmet
 55557 | Vaults:2 | Identified the cursed +0 helmet "Duinaeci" {Dex+4} (You
                  | found it on level 2 of the Vaults)
 55637 | Vaults:2 | Found a staircase to the Crypt.
 55748 | Vaults:2 | Found Ejefuint's Magic Scroll Boutique.
 59616 | Elf:3    | Entered Level 3 of the Elven Halls
 59677 | Elf:3    | Reached skill level 21 in Invocations
 59709 | Elf:3    | Found a magical portal.
 59720 | WizLab   | Found a transporter.
 59723 | WizLab   | Found a corrupted altar of Lugonu.
 60049 | WizLab   | Found a transporter.
 60053 | WizLab   | Found a transporter.
 60069 | WizLab   | Found a transporter.
 60108 | WizLab   | Found a transporter.
 60131 | WizLab   | Found a transporter.
 60219 | WizLab   | Found a transporter.
 60354 | WizLab   | Found a corrupted altar of Lugonu.
 60361 | WizLab   | Found a transporter.
 60407 | WizLab   | Found a transporter.
 60522 | WizLab   | Found a transporter.
 60522 | WizLab   | Found a transporter.
 60627 | WizLab   | Found a transporter.
 60627 | WizLab   | Found a transporter.
 60738 | WizLab   | Got a spiked cloak
 60739 | WizLab   | Identified the +1 cloak of Disguise {rElec rC- Dex+2} (You
                  | found it in a wizard's laboratory)
 60759 | WizLab   | Got a smoking cloak
 60760 | WizLab   | Identified the +4 cloak of Absolutism {-Tele rN+++ rCorr
                  | Dex+4} (You found it in a wizard's laboratory)
 60786 | WizLab   | Identified Golubria's Tome of the Compass
 60820 | WizLab   | Found a transporter.
 60820 | WizLab   | Found a transporter.
 60879 | WizLab   | Found a transporter.
 60879 | WizLab   | Found a transporter.
 60952 | WizLab   | Found a transporter.
 61006 | WizLab   | Found a transporter.
 61006 | WizLab   | Found a transporter.
 61315 | Elf:3    | Found Eployhei's Armour Shop.
 61329 | Elf:3    | Reached XP level 22. HP: 203/203 MP: 36/36
 62335 | Elf:3    | Identified the cursed +1 rapier "Iqic" {drain, *Slow rF+
                  | MP+9}
 62473 | Elf:3    | Identified the +4 flail of the Ancients {freeze, rPois}
 62534 | Elf:3    | Identified the cursed +0 robe of the Nightingale {Dex+4}
 62597 | Elf:3    | Reached skill level 15 in Armour
 62682 | Elf:3    | Identified the +7 demon blade of Disorder {vamp, +Fly} (You
                  | found it on level 3 of the Elven Halls)
 62816 | Elf:3    | Identified the +7 bardiche of the First Spreadsheets
                  | {drain, Fragile rElec rPois}
 63249 | Depths:1 | Entered Level 1 of the Depths
 63487 | Lair:1   | Killed waddelsworth's ghost
 63668 | Vaults:2 | Bought a scroll of enchant weapon for 172 gold pieces
 63745 | Crypt:1  | Entered Level 1 of the Crypt
 64181 | Crypt:1  | Noticed Sojobo
 64205 | Crypt:1  | Killed Sojobo
 64647 | Crypt:2  | Noticed an ancient lich
 64675 | Crypt:2  | Killed from afar by an ancient lich

Levels and vault maps discovered:
D:1:      lightli_arrival_quake, layout_loops_ring, minmay_crystal_room,
          chequers_arboretum
D:2:      layout_rooms, ashenzari_altar_1, minmay_splitting_lines, uniq_robin
D:3:      layout_loops_ring, eat_drink_and_be_merry_uskayaw,
          lemuel_doored_altar, lemuel_crystal_altar, first_ration
D:4:      layout_rooms, kennysheep_little_box, kennysheep_mini_moat,
          grunt_temple_overflow_diamond, serial_shops, shop,
          minmay_misc_feat_tiny
D:5:      layout_cave_pools, lemuel_crystal_altar, serial_glass,
          glass_columns_a, glass_columns_a, glass_columns_b, glass_columns_a,
          feat_on_display, minmay_divided_ellipse, uniq_edmund,
          uniq_crazy_yiuf_cottage
D:6:      layout_gridville, minmay_temple_entry_crystal_x, serial_glass,
          glass_columns_a, glass_columns_a
D:7:      layout_basic, marbit_many_paths, serial_shops, shop
D:8:      layout_loops_corners, uniq_psyche
D:9:      layout_long_grid, minitemple, david_orc_3, gammafunk_ghost_arena,
          uniq_harold
D:10:     layout_loops_cross, nicolae_trove_entry_path_of_doom, grunt_livestock,
          kennysheep_another_room, uniq_joseph
D:11:     layout_basic, minmay_lair_entry_lava
D:12:     layout_grid_maze, uniq_snorg
D:13:     layout_basic, serial_bayou, serial_bayou_lagoon_a,
          serial_bayou_ford_a, serial_bayou_lake_a, serial_bayou_pond_b,
          serial_bayou_pond_c, serial_shops, shop, uniq_rupert
D:14:     layout_basic, ximxim_vaults_locker_room, glass_columns_a,
          serial_corexii_hall, chequers_hall_statues_y,
          chequers_hall_statues_corner_a, minivault_20, drop_trap,
          nrook_guardian_serpent_ordinary
D:15:     grunt_enter_depths_magical_seal, layout_small_grid, serial_shops,
          nicolae_shop_behind_doors, minmay_misc_feat_secret_circle
Lair:1:   layout_gridlike, maelrawn_ghost_gauntlet_escape, grunt_megastairs_2,
          lemuel_fruit_tree, infiniplex_staircase_pool_2
Lair:2:   layout_regular_city, nicolae_spider_entry_orb_guardian,
          grunt_megastairs_4, infiniplex_staircase_pool
Lair:3:   layout_regular_city, minmay_lair_oklob_chamber, lemuel_fruit_fields
Lair:4:   layout_regular_city, skrybe_swamp_entry_bodies, minivault_24,
          bobbens_dragon_lair_wall, serial_bayou_shore_a, grunt_megastairs_5,
          uniq_nergalle
Lair:5:   layout_layer_cave, minmay_slime_entry_oklob_enclosed
Lair:6:   gammafunk_lair_ancient_temple, layout_loops_ring, minivault_27,
          minmay_lair_oklob_items, kb_xom_exploding_sheep
Swamp:1:  layout_basic_swamp, evilmike_swamp_ruin_house_4
Swamp:2:  layout_basic_swamp, evilmike_swamp_ruin_wall
Swamp:3:  layout_falls_marsh, gammafunk_ghost_arena,
          nicolae_swamp_very_dense_foliage, st_shrine_of_shade
Swamp:4:  swamp_old_school, layout_basic_swamp, portal_ice_cave_entry_pillars_1
Spider:1: layout_chambers, nicolae_spider_webbed_stairs, uniq_frances
Spider:2: layout_spider_delve
Spider:3: layout_spider_delve
Spider:4: spider_rune_water, uniq_bai_suzhen, uniq_louise
Orc:1:    minmay_goldmine, layout_diamond_mine, nicolae_orc_tapped_out
Orc:2:    pf_orc_diabolical, layout_caves, uniq_donald
Elf:1:    cheibrodos_elf_bladeworks, layout_loops_ring, serial_shops,
          nicolae_shop_overgrown_old_shop, minmay_elf_demonology, library_closet
Elf:2:    layout_onion_city, st_stairs_9, uniq_nikola, uniq_saint_roka,
          uniq_jorgrun
Elf:3:    grunt_elf_hall_diamonds, layout_onion_city, mu_enter_wizlab_5,
          serial_shops, shop
Vaults:1: gammafunk_vaults_ghost_spectres, nicolae_vaults_little_squares_4,
          hangedman_vaults_variations, nicolae_vaults_hallways_thing,
          v_alt_pattern_5, v_misc_28, ontoclasm_vaults_fire_temple,
          grunt_vaults_swirl, nicolae_vaults_circle_grid_b,
          vaults_standard_mumra_lines, hangedman_vaults_slice, v_misc_19,
          ontoclasm_vaults_twist, v_misc_23, layout_vaults_maze_bifur,
          serial_shops, nicolae_shop_trees
Vaults:2: nicolae_vaults_big_angled_halls, ontoclasm_vaults_claustrophobia,
          vaults_room_grunt_arrival_checkpoint, ontoclasm_vaults_pinch,
          vaults_room_door_ring, nicolae_vaults_theta, st_hourglassy, v_rooms_6,
          nicolae_vaults_circle_grid_b, v_pattern_4, v_alt_pattern_1,
          nicolae_vaults_big_ls, hangedman_vaults_slice, layout_vaults_omnibox,
          serial_shops, shop
Vaults:3: hangedman_vaults_snaps, nicolae_vaults_little_squares_3,
          vaults_dpeg_hooks, ontoclasm_vaults_tryst, grunt_vaults_twisty,
          nicolae_vaults_shelves_hall, layout_vaults_omnigrid
Vaults:4: v_alt_pattern_2, vaults_mumra_chevron, nicolae_vaults_network_star,
          vaults_dpeg_diagonal, vaults_dpeg_ring, v_rooms_6, v_rooms_1,
          nicolae_vaults_little_squares_6, nicolae_vaults_little_squares_1,
          v_misc_9, ontoclasm_vaults_fault, vaults_room_large_hall,
          nicolae_vaults_yaktaur_gun_rack, serial_ice_h, vaults_room_pool,
          layout_vaults_ring
Crypt:1:  layout_gridlike, grunt_crypt_arrival_split, uniq_sojobo
Crypt:2:  layout_gridlike, minivault_4, grunt_ministairs_3,
          small_statue_intersection, st_stairs_10, due_unseen_surprise
Depths:1: layout_big_octagon, enter_ziggurat_a, chequers_big_river,
          serial_shops, shop, hell_entry, minmay_misc_feat_hallway,
          kennysheep_pointless_box, minmay_door_square,
          kennysheep_generic_room_13

Skill      XL: |  1  2  3  4  5  6  7  8  9 10 11 12 13 14 15 16 17 18 19 20 21 22 |
---------------+-------------------------------------------------------------------+-----
Fighting       | 3 4 5 7 10 11 13 15 16 17 18 19 | 19.1
Axes           | 2 3 5 6 8 10 13 14 16 18 | 18.0
Armour         | 1 3 4 5 7 8 9 10 11 12 13 14 15 | 15.3
Invocations    | 2 5 8 9 12 14 15 16 17 18 19 20 21 | 21.7
Dodging        | 4 6 7 9 10 11 12 13 | 13.5
Evocations     | 3 4 6 8 |  8.0
Shields        | 4 7 10 14 15 16 17 18 | 18.5
Slings         | |  3.6
Stealth        | |  0.7

Action                   |  1- 3 |  4- 6 |  7- 9 | 10-12 | 13-15 | 16-18 | 19-21 | 22-24 || total
-------------------------+-------+-------+-------+-------+-------+-------+-------+-------++-------
Melee: Short sword       |   153 |    68 |       |       |       |       |       |       ||   221
       Hand axe          |       |   242 |   298 |       |       |       |       |       ||   540
       Trident           |       |       |   178 |   242 |    35 |       |       |       ||   455
       War axe           |       |       |    19 |   487 |  1530 |   507 |       |       ||  2543
       Demon trident     |       |       |       |       |       |    14 |       |       ||    14
       Broad axe         |       |       |       |       |       |  1006 |  1578 |   364 ||  2948
 Fire: Hunting sling     |    12 |    29 |       |       |       |       |       |       ||    41
Throw: Dart              |       |       |     8 |    19 |     6 |       |       |       ||    33
Invok: Wall of Briars    |       |       |     2 |     9 |     6 |     4 |     1 |       ||    22
       Grow Ballistomyce |       |       |       |     2 |     2 |       |       |       ||     4
       Overgrow          |       |       |       |     1 |     1 |     1 |     1 |       ||     4
       Grow Oklob        |       |       |       |       |     4 |     4 |     6 |     6 ||    20
Evoke: Wand              |       |       |       |     7 |    27 |    11 |     4 |       ||    49
       Lamp of fire      |       |       |       |     1 |     2 |     1 |     3 |     1 ||     8
       Sack of spiders   |       |       |       |       |     1 |       |       |       ||     1
       Phantom mirror    |       |       |       |       |       |     1 |     1 |       ||     2
       Box of beasts     |       |       |       |       |       |     1 |       |       ||     1
  Use: Scroll            |       |     3 |     6 |    19 |     9 |    16 |    12 |     5 ||    70
       Potion            |       |       |       |       |     1 |     4 |     2 |     7 ||    14
 Stab: Sleeping          |       |     1 |       |       |       |       |       |       ||     1
       Paralysed         |       |       |       |     6 |       |       |       |       ||     6
       Confused          |       |       |       |       |     1 |     2 |       |       ||     3
       Distracted        |       |       |       |       |     2 |     2 |     6 |     6 ||    16
       Invisible         |       |       |       |       |       |    18 |       |     5 ||    23
  Eat: Chunk             |     4 |     9 |    12 |    30 |    46 |    23 |    39 |     3 ||   166
       Ration            |       |       |     1 |     1 |     2 |     6 |     3 |     3 ||    16
Armor: Leather armour    |    34 |    25 |       |       |       |       |       |       ||    59
       Chain mail        |       |   127 |   217 |   343 |   522 |   898 |   342 |   113 ||  2562
Dodge: Dodged            |    96 |   109 |   152 |   283 |   578 |   715 |   265 |    99 ||  2297
Block: Other             |       |     9 |    50 |    58 |    46 |       |       |       ||   163
       Buckler           |       |       |       |       |   127 |       |       |       ||   127
       Reflection        |       |       |       |       |    23 |     9 |   146 |    21 ||   199
       Shield            |       |       |       |       |   220 |   903 |       |       ||  1123
       Large shield      |       |       |       |       |       |   617 |  1369 |   369 ||  2355

Table legend:
 A = Non-vault XP
 B = Vault XP
 C = Vault XP percentage of total XP
 D = Non-vault monster count
 E = Vault monster count
 F = Vault count percentage of total count
                 A         B        C        D         E       F
            +---------+---------+-------+---------+---------+-------
      Total |  385308 |  293867 |  43.3 |    1220 |     545 |  30.9
            +---------+---------+-------+---------+---------+-------
        D:1 |      38 |      37 |  49.3 |      20 |      12 |  37.5
        D:2 |      60 |       0 |   0.0 |      22 |       0 |   0.0
        D:3 |      99 |       0 |   0.0 |      19 |       0 |   0.0
        D:4 |     600 |     173 |  22.4 |      19 |       1 |   5.0
        D:5 |     540 |     465 |  46.3 |      15 |      12 |  44.4
        D:6 |     785 |       0 |   0.0 |      21 |       0 |   0.0
        D:7 |    2105 |      18 |   0.8 |      42 |       1 |   2.3
        D:8 |    1223 |     434 |  26.2 |      20 |       1 |   4.8
        D:9 |    2261 |    1490 |  39.7 |      26 |      10 |  27.8
       D:10 |    2996 |    1675 |  35.9 |      30 |       7 |  18.9
       D:11 |    4535 |    1039 |  18.6 |      39 |       1 |   2.5
       D:12 |    4802 |    1123 |  19.0 |      18 |       1 |   5.3
       D:13 |   15031 |    3735 |  19.9 |      67 |       6 |   8.2
       D:14 |   10035 |    5751 |  36.4 |      33 |      14 |  29.8
       D:15 |    9033 |    7425 |  45.1 |      26 |      11 |  29.7
     Lair:1 |    2007 |    4718 |  70.2 |      10 |      12 |  54.5
     Lair:2 |    4173 |     566 |  11.9 |      13 |       1 |   7.1
     Lair:3 |    4205 |     491 |  10.5 |      14 |       2 |  12.5
     Lair:4 |    8675 |   11723 |  57.5 |      26 |      37 |  58.7
     Lair:5 |    2453 |       0 |   0.0 |      11 |       0 |   0.0
     Lair:6 |    4820 |   11294 |  70.1 |      19 |      28 |  59.6
    Swamp:1 |   16242 |       0 |   0.0 |      38 |       0 |   0.0
    Swamp:2 |    7571 |     350 |   4.4 |      28 |       2 |   6.7
    Swamp:3 |    7197 |   10782 |  60.0 |      20 |      24 |  54.5
    Swamp:4 |   16980 |   13920 |  45.0 |      43 |      24 |  35.8
   Spider:1 |    9553 |    2401 |  20.1 |      21 |       1 |   4.5
   Spider:2 |   17940 |       0 |   0.0 |      52 |       0 |   0.0
   Spider:3 |   16403 |       0 |   0.0 |      45 |       0 |   0.0
   Spider:4 |   17169 |   30163 |  63.7 |      51 |      44 |  46.3
      Orc:1 |    4381 |    1412 |  24.4 |      62 |      21 |  25.3
      Orc:2 |    2194 |   15981 |  87.9 |      33 |      54 |  62.1
      Elf:1 |   30553 |    8770 |  22.3 |      49 |      12 |  19.7
      Elf:2 |   15065 |    8117 |  35.0 |      27 |       7 |  20.6
      Elf:3 |   25319 |   31864 |  55.7 |      39 |      25 |  39.1
   Vaults:1 |   32039 |   37049 |  53.6 |      48 |      50 |  51.0
   Vaults:2 |   31048 |   23896 |  43.5 |      53 |      31 |  36.9
   Vaults:3 |    5914 |    9524 |  61.7 |      14 |      13 |  48.1
   Vaults:4 |   24610 |   20706 |  45.7 |      44 |      37 |  45.7
    Crypt:1 |    9308 |    6747 |  42.0 |      24 |       3 |  11.1
    Crypt:2 |   15346 |       0 |   0.0 |      19 |       0 |   0.0
     WizLab |       0 |   20028 | 100.0 |       0 |      40 | 100.0
            +---------+---------+-------+---------+---------+-------
